 Dungeon Crawl Stone Soup version 0.31-a0-151-ge443d1f16c (webtiles) character file.

Game seed: 17206523344444770801

202 qw the Shooter (level 5, -2/46 HPs)
             Began as a Minotaur Hunter on June 8, 2023.
             Slain by a gnoll
             ... wielding a +0 flail
              (7 damage)
             ... on level 3 of the Dungeon.
             The game lasted 00:00:53 (1772 turns).

qw the Shooter (Minotaur Hunter)                    Turns: 1772, Time: 00:00:54

Health: -2/46      AC:  5    Str: 16    XL:     5   Next: 50%
Magic:  4/4        EV: 12    Int:  6    God:
Gold:   72         SH:  0    Dex: 15    Spells: 4/4 levels left

rFire   . . .        Y - +0 shortbow
rCold   . . .        (shield currently unavailable)
rNeg    . . .        c - +0 leather armour
rPois   .            (helmet restricted)
rElec   .            (no cloak)
rCorr   .            d - +1 pair of gloves
SInv    .            (no boots)
Will    .....        (no amulet)
Stlth   +            (no ring)
HPRegen 0.27/turn    (no ring)
MPRegen 0.09/turn

%: no passive effects
@: no status effects
A: horns 2, retaliatory headbutt
a: no special abilities


You were on level 3 of the Dungeon.
You visited 1 branch of the dungeon, and saw 3 of its levels.

You collected 72 gold pieces.


Innate Abilities, Weirdness & Mutations

You have a pair of horns on your head.
You reflexively headbutt those who attack you in melee.


   Skills:
 - Level 4.0 Fighting
 + Level 6.7 Ranged Weapons
 - Level 1.3 Armour
 - Level 2.1 Dodging
 - Level 0.7 Stealth


You had 4 spell levels left.
You didn't know any spells.
Your spell library was empty.

Inventory:

Hand Weapons
 Y - a +0 shortbow (weapon)
Armour
 c - a +0 leather armour (worn)
 d - a +1 pair of gloves (worn)
Potions
 e - a potion of attraction {unknown}
 f - a potion of enlightenment {unknown}

Dungeon Overview and Level Annotations

Branches:
Dungeon (3/15)

Altars:
Sif Muna


Message History

The gnoll barely misses you.
You shoot an arrow.
The arrow hits the orc but does no damage.
The orc is heavily wounded.
The orc misses you. You furiously retaliate!
You headbutt the orc!
You kill the orc!
The gnoll barely misses you.
You shoot an arrow. The arrow hits the gnoll!
The gnoll is almost dead.
The gnoll hits you from afar with a +0 spear.
You shoot an arrow. The arrow hits the gnoll!
You kill the gnoll!
An orc wizard comes into view. It is wielding a +0 dagger.
You shoot an arrow.
The arrow hits the gnoll but does no damage.
You shoot an arrow. The arrow hits the gnoll.
The gnoll is lightly wounded.
The gnoll hits you but does no damage.
The gnoll hits you from afar with a +0 spear.
The orc wizard casts a spell.
The orc wizard flickers and vanishes!
Deactivating autopickup; reactivate with Ctrl-A.
You shoot an arrow. The arrow barely misses the gnoll.
The arrow hits the gnoll.
The gnoll is moderately wounded.
The gnoll closely misses you.
The gnoll hits you from afar with a +0 spear.
The gnoll closely misses you.
The gnoll hits you from afar with a +0 spear.
You shoot an arrow.
The arrow hits the gnoll but does no damage.
The gnoll is lightly wounded.
The gnoll hits you with a +0 flail.
The gnoll hits you from afar with a +0 spear.
You shoot an arrow. The arrow hits the gnoll.
The gnoll is heavily wounded.
The gnoll hits you with a +0 flail. The gnoll misses you.
You shoot an arrow. The arrow barely misses the gnoll.
The arrow hits the gnoll.
The gnoll is severely wounded.
The gnoll hits you with a +0 flail!
You die...

#......#### +......+..#
####......##.#####
#..........#......
#.##.......#...... .
#......###.#...... ...
#####..# #.#......
....g######.####.#'#####
....{gg@................
....#############.....#.
. #.....#. #.....#.
#.....#. #.....+.
#.....## .##.### .. #.


You could see 3 gnolls.

Vanquished Creatures
  A scorpion (D:3)
  Robin (D:2)
  2 gnolls
  3 adders
  2 worms (D:2)
  A dart slug (D:2)
  2 orcs (D:3)
  2 ball pythons (D:2)
  9 bats
  3 endoplasms
  16 goblins
  8 hobgoblins
  6 jackals
  5 kobolds
  2 quokkas (D:1)
  4 frilled lizards
  7 rats
74 creatures vanquished.

Notes
Turn   | Place    | Note
-------+----------+-------------------------------------------
     0 | D:1      | qw the Minotaur Hunter began the quest for the Orb.
     0 | D:1      | Reached XP level 1. HP: 18/18 MP: 0/0
     0 | D:1      | 0 ||| qw: Version: 0.2-a-120-gdf1a93b
     0 | D:1      | 0 ||| qw: Game counter: 3087
     0 | D:1      | 0 ||| qw: Always use a shield: true
     0 | D:1      | 0 ||| qw: God list: Okawaru
     0 | D:1      | 0 ||| qw: Allow faded altars: false
     0 | D:1      | 0 ||| qw: Do Orc after D:15 true
     0 | D:1      | 0 ||| qw: Do second Lair branch before Depths: true
     0 | D:1      | 0 ||| qw: Lair rune preference: random
     0 | D:1      | 0 ||| qw: Plans: Normal
     0 | D:1      | 0 ||| PLANNING D:1-11
   101 | D:1      | Reached XP level 2. HP: 25/25 MP: 1/1
   108 | D:1      | Reached skill level 5 in Ranged Weapons
   148 | D:1      | Reached skill level 3 in Fighting
   384 | D:1      | Reached XP level 3. HP: 31/31 MP: 2/2
   438 | D:1      | Found a faded altar of an unknown god.
   667 | D:1      | 667 ||| UPGRADING to +1 pair of gloves.
   672 | D:1      | 672 ||| DROPPING scroll of butterflies.
   819 | D:2      | Reached XP level 4. HP: 33/38 MP: 3/3
   916 | D:2      | Reached skill level 6 in Ranged Weapons
  1059 | D:2      | Reached skill level 1 in Armour
  1065 | D:2      | Noticed Robin
  1091 | D:2      | Killed Robin
  1092 | D:2      | 1092 ||| FLEEEEING.
  1093 | D:2      | 1093 ||| FLEEEEING.
  1094 | D:2      | 1094 ||| FLEEEEING.
  1095 | D:2      | 1095 ||| FLEEEEING.
  1096 | D:2      | 1096 ||| FLEEEEING.
  1097 | D:2      | 1097 ||| FLEEEEING.
  1098 | D:2      | 1098 ||| FLEEEEING.
  1100 | D:2      | 1100 ||| FLEEEEING.
  1101 | D:2      | 1101 ||| FLEEEEING.
  1102 | D:2      | 1102 ||| FLEEEEING.
  1103 | D:2      | 1103 ||| FLEEEEING.
  1104 | D:2      | 1104 ||| FLEEEEING.
  1105 | D:2      | 1105 ||| FLEEEEING.
  1229 | D:2      | Found a shimmering blue altar of Sif Muna.
  1477 | D:2      | 1477 ||| READING scroll labelled ZAJAZA FOALI.
  1479 | D:2      | 1479 ||| Stepping ~*~*~tactically~*~*~ (cloud).
  1682 | D:3      | Noticed a scorpion
  1686 | D:3      | Killed a scorpion
  1687 | D:3      | Reached XP level 5. HP: 46/46 MP: 4/4
  1770 | D:3      | HP: 7/46 [gnoll/+0 spear (6)]
  1772 | D:3      | Slain by a gnoll

Levels and vault maps discovered:
D:1:      shiori_shiawase, layout_basic,
          shapermc_ecumenical_altar_mp_ritualfount
D:2:      layout_basic, basic_altar, minmay_door_square, minmay_cut_off,
          uniq_robin
D:3:      layout_basic

Skill      XL: |  1  2  3  4 |
---------------+-------------+-----
Ranged Weapons | 5 6 |  6.7
Fighting       | 3 4 |  4.0
Armour         | 1 |  1.3
Dodging        | |  2.1
Stealth        | |  0.7

Action                     |  1- 3 |  4- 6 || total
---------------------------+-------+-------++-------
   Fire: Shortbow          |   117 |   108 ||   225
    Use: Scroll            |       |     1 ||     1
 Armour: Leather armour    |    20 |    21 ||    41
  Dodge: Dodged            |    46 |    51 ||    97

Table legend:
 A = Non-vault XP
 B = Vault XP
 C = Vault XP percentage of total XP
 D = Non-vault monster count
 E = Vault monster count
 F = Vault count percentage of total count
                 A         B        C        D         E       F
            +---------+---------+-------+---------+---------+-------
      Total |     237 |      52 |  18.0 |      59 |      15 |  20.3
            +---------+---------+-------+---------+---------+-------
        D:1 |      49 |       0 |   0.0 |      28 |       0 |   0.0
        D:2 |      73 |      52 |  41.6 |      25 |      15 |  37.5
        D:3 |     115 |       0 |   0.0 |       6 |       0 |   0.0
            +---------+---------+-------+---------+---------+-------
